 Dungeon Crawl Stone Soup version 0.21.1-1-g345015f (webtiles) character file.

175 Mirai the Conjurer (level 5, 0/42 HPs)
             Began as a Deep Elf Conjurer on Feb 18, 2018.
             Slain by a scorpion (4 damage)
             ... on level 4 of the Dungeon.
             The game lasted 00:12:09 (2487 turns).

Mirai the Conjurer (Deep Elf Conjurer)              Turns: 2487, Time: 00:12:10

Health: 0/42       AC: 22    Str:  2 (5)  XL:     5   Next: 29%
Magic:  7/13       EV:  2    Int: 20 (21) God:
Gold:   161        SH:  0    Dex: 14 (15) Spells: 1/12 levels left

rFire    . . .     SeeInvis .   u - +0 dagger
rCold    . . .     Gourm    .   (no shield)
rNeg     + + +     Faith    .   (armour currently unavailable)
rPois    +         Spirit   .   (helmet currently unavailable)
rElec    .         Reflect  .   (cloak currently unavailable)
rCorr    .         Harm     .   (gloves currently unavailable)
MR       .....     NoTele   +   (boots currently unavailable)
Stlth    ++........             (no amulet)
HPRegen  0.14/turn              (no ring)
MPRegen  0.13/turn              (no ring)

@: lethally poisoned (0 -> -4), tree-form, very slightly contaminated
A: no striking features
a: no special abilities


You were on level 4 of the Dungeon.
You were not hungry.
You were a tree.
You visited 1 branch of the dungeon, and saw 4 of its levels.

You collected 161 gold pieces.

Inventory:

Hand Weapons
 d - a +0 dagger
 i - a +0 dagger
 u - a +0 dagger (weapon)
 x - a +0 dagger
Armour
 a - a +1 robe (melded)
 B - a +0 cloak (melded)
Scrolls
 e - a scroll of blinking
 k - 2 scrolls of amnesia
 r - a scroll of teleportation
 t - 4 scrolls of identify
Potions
 n - a potion of cancellation
 v - a potion of lignification
Books
 b - a book of Conjurations

   Spells                             Type                      Level
   a - Magic Dart                     Conjuration                  1
   b - Searing Ray                    Conjuration                  2
   c - Dazzling Spray                 Conjuration/Hexes            3
   d - Fulminant Prism                Conjuration/Hexes            4
   e - Force Lance                    Conjuration/Translocation    4
   f - Iskenderun's Mystic Blast      Conjuration                  4
Comestibles
 c - 7 rations
 q - a chunk of flesh


   Skills:
 + Level 3.1 Dodging
 + Level 3.1 Stealth
 + Level 4.4 Spellcasting
 + Level 6.0 Conjurations
 * Level 1.2 Hexes


You had one spell level left.
You knew the following spells:

 Your Spells              Type           Power        Failure   Level  Hunger
a - Magic Dart            Conj           ####         1%          1    None
b - Searing Ray           Conj           ####..       1%          2    #......
c - Iskenderun's Mystic   Conj           ####....     10%         4    ####...
d - Fulminant Prism       Conj/Hex       ###.......   26%         4    ####...


Dungeon Overview and Level Annotations

Branches:
Dungeon (4/15)
 Temple: D:4-7

Altars:
Qazlal
The Shining One


Message History

The scorpion is heavily wounded.
* * * LOW HITPOINT WARNING * * *
You feel sick.
The scorpion stings you but does no damage.
You closely miss the scorpion.
The scorpion is heavily wounded.
The scorpion stings you but does no damage.
You hit the scorpion but do no damage.
The scorpion is heavily wounded.
* * * LOW HITPOINT WARNING * * *
You feel sick. The scorpion stings you.
* * * LOW HITPOINT WARNING * * *
You hit the scorpion but do no damage.
The scorpion is heavily wounded.
The scorpion stings you but does no damage.
You barely miss the scorpion.
The scorpion is heavily wounded.
* * * LOW HITPOINT WARNING * * *
You feel sick. The scorpion stings you.
You die...

. ..#
#############....!
#.........♣sh.....
#.###########.###.
#.# #.# #<# #.#
#.# #.# #.#


You could see a scorpion and a hound.

Vanquished Creatures
  An orc wizard (D:3)
  5 adders
  A river rat (D:3)
  An ooze (D:3)
  3 worms
  2 dart slugs
  A leopard gecko (D:2)
  4 orcs (D:3)
  A ball python (D:3)
  5 giant cockroaches
  10 goblins
  5 hobgoblins
  5 jackals (D:1)
  4 quokkas
  8 bats
  5 frilled lizards
  4 kobolds
  9 rats
74 creatures vanquished.

Vanquished Creatures (others)
  2 fulminant prisms (D:3)
2 creatures vanquished.

Grand Total: 76 creatures vanquished

Notes
Turn   | Place    | Note
-------+----------+-------------------------------------------
     0 | D:1      | Mirai the Deep Elf Conjurer began the quest for the Orb.
     0 | D:1      | Reached XP level 1. HP: 10/10 MP: 6/6
   104 | D:1      | Reached XP level 2. HP: 13/15 MP: 0/8
   212 | D:1      | Reached skill level 5 in Conjurations
   557 | D:1      | Reached XP level 3. HP: 16/19 MP: 4/9
   645 | D:1      | Learned a level 2 spell: Searing Ray
  1152 | D:2      | Reached XP level 4. HP: 21/24 MP: 3/11
  1481 | D:3      | Learned a level 4 spell: Iskenderun's Mystic Blast
  1485 | D:3      | Found a glowing golden altar of the Shining One.
  1568 | D:3      | Learned a level 4 spell: Fulminant Prism
  1891 | D:3      | Reached skill level 6 in Conjurations
  1891 | D:3      | Reached XP level 5. HP: 28/28 MP: 10/13
  2106 | D:3      | Found a stormy altar of Qazlal.
  2111 | D:3      | Reached skill level 1 in Hexes
  2487 | D:4      | Slain by a scorpion

Skill      XL: |  1  2  3  4  5 |
---------------+----------------+-----
Conjurations   | 5 6 |  6.0
Dodging        | 3 |  3.1
Spellcasting   | 4 |  4.4
Stealth        | 3 |  3.1
Hexes          | 1 |  1.2

Action                   |  1- 3 |  4- 6 || total
-------------------------+-------+-------++-------
Melee: Dagger            |    19 |    14 ||    33
 Cast: Magic Dart        |    76 |    44 ||   120
       Searing Ray       |     4 |     8 ||    12
       Fulminant Prism   |       |     2 ||     2
  Use: Scroll            |     1 |     6 ||     7
       Potion            |     1 |     4 ||     5
  Eat: Chunk             |     1 |     4 ||     5
Armor: Robe              |    13 |     3 ||    16
       Skin              |       |     6 ||     6
Dodge: Dodged            |    30 |    17 ||    47
